Map: Orbitalwerft

Players

DemeGer - Winner!

  • Race: Terran Terran
  • League: Diamond

Theila

  • Race: Zerg Zerg
  • League: Diamond

VOD

Have the link to the VOD?

Description

Time

  • Played on: Jan. 22, 2016, 11:05 a.m.
  • Length: 11:55
Show
View Real Time Build Order
Export as new Build Order

DemeGer Terran - Winner!

Build Orders: Liberator Opening, Reaper Expand, Bio Tank 

Get SALT Encoding   

  12  0:00  SCV  
  13  0:13  SCV  
  14  0:25  Supply Depot, SCV  
  15  0:46  SCV  
  15  0:49  Barracks  
  16  0:58  SCV  
  16  1:00  Refinery  
  17  1:10  SCV  
  18  1:22  Command Center  
  18  1:37  Orbital Command  
  18  1:44  Reaper  
  18  1:46  Supply Depot  
  19  2:02  SCV  
  20  2:15  SCV  
  21  2:23  Factory  
  21  2:26  Refinery  
  21  2:27  SCV  
  22  2:32  Barracks Tech Lab  
  22  2:36  Orbital Command  
  22  2:39  SCV  
  23  2:51  SCV  
  24  3:03  SCV x2  
  26  3:09  Factory Tech Lab, Starport  
  26  3:15  SCV x2  
  26  3:17  Refinery  
  28  3:27  SCV x2  
  28  3:32  Stimpack  
  30  3:37  Liberator  
  30  3:39  SCV, Refinery  
  30  3:40  SCV  
  32  3:42  Marine  
  33  3:51  SCV  
  33  3:52  SCV  
  33  3:55  Supply Depot  
  38  4:00  Marine  
  39  4:03  SCV  
  39  4:04  SCV  
  39  4:06  Command Center  
  41  4:16  SCV x2  
  43  4:17  Barracks  
  43  4:20  Liberator  
  43  4:21  Siege Tank  
  46  4:28  SCV  
  47  4:31  SCV  
  51  4:40  SCV  
  51  4:43  SCV  
  53  4:47  Supply Depot  
  53  4:49  Supply Depot  
  53  4:52  SCV  
  54  5:00  Starport  
  54  5:08  SCV x2, Siege Tank  
  59  5:20  SCV  
  60  5:21  SCV  
  60  5:22  Orbital Command  
  60  5:25  Starport Reactor  
  60  5:26  Barracks Reactor  
  61  5:29  Marauder  
  61  5:33  SCV  
  61  5:34  SCV  
  65  5:45  SCV, Siege Tank  
  65  5:46  SCV  
  65  5:48  Starport Reactor  
  70  5:50  Marauder  
  70  5:51  Liberator x2  
  70  5:55  Orbital Command  
  72  5:57  SCV  
  72  5:58  SCV  
  74  6:04  Marine  
  74  6:05  Marine  
  74  6:09  SCV  
  74  6:10  SCV  
  84  6:18  Engineering Bay  
  84  6:19  Liberator x2  
  84  6:21  SCV  
  84  6:22  Engineering Bay  
  85  6:34  Supply Depot, Refinery  
  85  6:36  Supply Depot, Marine  
  85  6:37  Siege Tank, Marauder  
  85  6:38  SCV x3  
  100  6:41  Refinery  
  100  6:50  Terran Infantry Weapons Level 1, SCV, Terran Infantry Armor Level 1  
  100  6:52  Barracks  
  101  6:56  Combat Shields, Marine x2  
  101  6:58  Marauder  
  105  7:09  Siege Tank  
  105  7:14  Marine x2  
  110  7:17  Supply Depot  
  110  7:18  Supply Depot  
  110  7:20  Supply Depot, Marauder  
  112  7:30  Liberator  
  112  7:31  Marine x2, Liberator  
  112  7:34  Starport Tech Lab  
  114  7:38  SCV x3  
  114  7:41  Siege Tank, Marauder  
  122  7:49  Marine x2  
  122  7:50  SCV  
  131  7:59  Liberator  
  102  8:13  Siege Tank, Liberator  
  102  8:14  Marine  
  102  8:15  Marine x3, Marauder  
  113  8:32  Marine  
  113  8:33  Marine x2  
  119  8:36  Marauder  
  119  8:37  Command Center  
  121  8:42  Liberator  
  121  8:45  Armory  
  121  8:49  Factory  
  121  8:50  Liberator  
  121  8:51  Barracks, Marine  
  111  8:56  Liberator  
  114  9:04  Marine x2  
  114  9:07  Marine  
  114  9:08  Marine  
  122  9:22  Marine x2  
  111  9:25  Marine, Liberator  
  111  9:30  Marine x2  
  111  9:33  Liberator  
  111  9:35  Siege Tank  
  112  9:39  Marine  
  112  9:40  Marine  
  112  9:43  Marine  
  116  9:56  Barracks Reactor  
  116  9:57  Marine x2  
  116  9:58  Marine  
  120  10:01  Marauder, Marine  
  122  10:07  Siege Tank, Liberator  
  122  10:11  Orbital Command  
  125  10:15  Marine x2  
  125  10:16  Marine  
  125  10:19  Marine  
  129  10:21  Barracks  
  129  10:22  Marauder  
  129  10:24  Barracks  
  134  10:33  Marine x2  
  134  10:34  Marine  
  137  10:39  Siege Tank  
  137  10:41  Fusion Core  
  140  10:44  Marauder  
  142  10:51  SCV x2, Marine  
  142  10:52  SCV  
  142  10:54  Marine  
  142  10:55  Marine x2  
  142  10:56  Marine x2  
  151  10:58  Factory Tech Lab  
  151  11:03  SCV  
  152  11:05  Marine  
  152  11:09  Marine  
  154  11:12  Marine  
  154  11:15  Marine  
Show
View Real Time Build Order
Export as new Build Order

Theila Zerg 

Build Orders: Hatch First 

Get SALT Encoding   

  12  0:01  Drone  
  13  0:12  Overlord  
  13  0:17  Drone  
  14  0:30  Drone x2  
  14  0:34  Drone  
  17  0:53  Hatchery  
  17  0:55  Drone  
  17  1:01  Drone  
  18  1:13  Spawning Pool  
  18  1:16  Drone, Extractor  
  17  1:20  Drone  
  18  1:28  Drone  
  19  1:39  Drone  
  20  1:50  Overlord  
  20  2:00  Queen  
  22  2:04  Queen  
  22  2:08  Zergling x4  
  26  2:11  Drone  
  27  2:16  Metabolic Boost  
  27  2:18  Drone  
  28  2:23  Drone  
  28  2:28  Drone  
  30  2:36  Queen  
  32  2:40  Queen  
  34  2:48  Drone x2  
  34  2:51  Overlord  
  36  3:17  Drone x8  
  44  3:21  Lair  
  44  3:32  Overlord x2  
  44  3:40  Overlord  
  44  3:41  Overlord  
  44  3:53  Drone x6  
  44  3:55  Hatchery  
  49  3:59  Extractor x2  
  47  4:03  Evolution Chamber  
  46  4:21  Drone  
  47  4:26  Drone x3  
  50  4:39  Zerg Missile Weapons Level 1  
  50  4:40  Drone, Roach Warren  
  50  4:43  Drone x7  
  57  4:53  Overlord x2  
  59  5:00  Drone x2  
  59  5:08  Overseer  
  59  5:18  Spore Crawler  
  59  5:19  Spore Crawler  
  56  5:22  Spore Crawler, Queen  
  56  5:24  Roach  
  56  5:25  Roach x7  
  56  5:26  Glial Reconstitution  
  72  5:54  Drone  
  72  5:55  Drone x5  
  75  6:08  Drone  
  75  6:09  Drone x6  
  82  6:19  Roach  
  82  6:20  Roach x3  
  82  6:22  Overlord x3  
  90  6:36  Overlord x3  
  92  6:54  Roach  
  92  6:55  Roach x11  
  114  7:03  Roach  
  114  7:04  Roach  
  118  7:17  Ravager  
  118  7:18  Ravager x7  
  118  7:21  Roach x2  
  118  7:22  Zergling x2  
  131  7:23  Zergling x14  
  138  7:38  Overlord x2  
  138  7:39  Overlord  
  138  7:52  Overlord x2  
  138  7:53  Overlord  
  112  8:10  Roach x13  
  90  8:30  Extractor  
  90  8:31  Extractor  
  90  8:32  Roach x6  
  90  8:33  Roach x3  
  106  8:39  Extractor  
  105  8:45  Infestation Pit  
  104  8:48  Hatchery  
  104  8:50  Roach  
  104  8:51  Roach x2  
  104  8:52  Zergling x10  
  112  9:03  Ravager  
  112  9:07  Zergling x12  
  119  9:10  Ravager  
  100  9:26  Roach x8  
  100  9:27  Roach  
  117  9:42  Drone x8  
  124  9:58  Zerg Ground Armor Level 1  
  124  10:01  Hive  
  124  10:02  Evolution Chamber  
  123  10:10  Drone x10  
  123  10:11  Drone, Queen  
  136  10:31  Roach x3  
  136  10:32  Roach x9  
  159  10:38  Ravager x6  
  164  10:51  Roach x6  
  164  10:52  Roach  
  172  11:09  Roach  
  172  11:10  Roach x6  
  182  11:19  Spore Crawler  
  182  11:25  Spore Crawler  
Tags
 
Add a new tag
Caveats
  • Supply blocks, unpowered buildings, or Contaminate may cause inaccurate times.
  • Supply counts are checked every 10 seconds.